 Dungeon Sprint DCSS version 0.17-a0-2098-gf59d6bc (webtiles) character file.

82 Hedron the Geomancer (level 4, -1/37 HPs)
             Began as a Deep Dwarf Earth Elementalist on Oct 17, 2015.
             Slain by a centaur (2 damage)
             ... in the Dungeon (Sprint IX: "|||||||||||||||||||||||||||||").
             The game lasted 00:02:10 (140 turns).

Hedron the Geomancer (Deep Dwarf Earth Elementalist) Turns: 140, Time: 00:02:10

Health: -1/37      AC:  2    Str: 11    XL:     4   Next: 21%
Magic:  1/11       EV: 12    Int: 17    God:
Gold:   0          SH:  0    Dex: 13    Spells: 1 memorised, 12 levels left

rFire  . . .     SeeInvis .     e - +0 club
rCold  . . .     Clarity  .     b - +0 robe
rNeg   . . .     SustAt   .     (no shield)
rPois  .         Gourm    .     (no helmet)
rElec  .         Spirit   .     (no cloak)
rCorr  .         Warding  .     (no gloves)
rMut   .         NoTele   +     (no boots)
MR     .....                    (no amulet)
Stlth  ++........               (no ring)
                                (no ring)

@: exhausted, non-regenerating, slowed, very slow, not resistant to hostile
enchantments, unstealthy
A: damage resistance, recharge devices, sense surroundings 1, slow regeneration
3
a: Device Recharging


You were in the Dungeon.
You were full.

You visited 1 branch

Inventory:

Hand Weapons
 e - a +0 club (weapon)
Missiles
 a - 9 stones (quivered)
Armour
 b - a +0 robe (worn)
Wands
 d - a wand of heal wounds (5)
Scrolls
 k - a scroll of blinking
Potions
 h - a potion of haste
 i - 2 potions of magic
Books
 c - a book of Geomancy

   Spells                             Type                      Level
   a - Sandblast                      Earth                        1
   b - Stoneskin                      Transmutation/Earth          2
   c - Passwall                       Transmutation/Earth          3
   d - Stone Arrow                    Conjuration/Earth            3
   e - Petrify                        Transmutation/Earth          4
   f - Lee's Rapid Deconstruction     Earth                        5
Comestibles
 l - 5 chunks of flesh


   Skills:
 + Level 0.8 Fighting
 - Level 2.1 Dodging
 - Level 2.4 Stealth
 * Level 5.0 Spellcasting
   Level 0.8 Transmutations
 + Level 8.7 Earth Magic


You had 12 spell levels left.
You knew the following spells:

 Your Spells              Type           Power        Failure   Level  Hunger
a - Sandblast             Erth           ####..       1%          1    None


Dungeon Overview and Level Annotations

Branches:
Dungeon (1/1)

Altars:


Innate Abilities, Weirdness & Mutations

You are resistant to damage.
You can recharge devices by infusing magical energy.
You passively map a small area around you.
You do not regenerate naturally.


Message History

Confirm with . or Enter, or press ? or * to list all spells.
Aiming: Sandblast
Press: ? - help, Shift-Dir - straight line, f - centaur
Aim: a centaur (lightly wounded)
The blast of sand hits the centaur.
The centaur is heavily wounded.
The centaur hits you.
* * * LOW HITPOINT WARNING * * *
The centaur hits you.
* * * LOW HITPOINT WARNING * * *
Casting: Sandblast
Confirm with . or Enter, or press ? or * to list all spells.
Aiming: Sandblast
Press: ? - help, Shift-Dir - straight line, f/p - centaur
Aim: a centaur (heavily wounded)
The blast of sand hits the centaur.
The centaur is severely wounded.
The centaur hits you but does no damage.
The centaur hits you.
You die...

* ,
▓.▓
▓.▓
,▓'▓
*,
,▓.▓
▓.▓
▓.▓ *
▓.▓ ,
▓(▓
*,*
*,
▓@▓ *
▓c▓ +
*,▓.▓
* ,
▓.▓
▓.▓ *
▓.▓
▓+▓ ,


You could see a centaur.

Vanquished Creatures
  A scorpion (D)
  A crimson imp (D)
  3 bats (D)
  A giant cockroach (D)
  2 giant newts (D)
  A goblin (D)
9 creatures vanquished.

Notes
Turn   | Place    | Note
--------------------------------------------------------------
     0 | D        | Hedron the Deep Dwarf Earth Elementalist began the quest for the Orb.
     0 | D        | Reached XP level 1. HP: 15/15 MP: 3/3
    10 | D        | Reached skill level 5 in Earth Magic
   112 | D        | Noticed a crimson imp
   112 | D        | Noticed a scorpion
   112 | D        | Noticed a centaur
   127 | D        | Killed a crimson imp
   127 | D        | Reached skill level 7 in Earth Magic
   127 | D        | Reached XP level 2. HP: 19/24 MP: 1/7
   127 | D        | Reached XP level 3. HP: 23/30 MP: 1/8
   131 | D        | Killed a scorpion
   131 | D        | Reached skill level 5 in Spellcasting
   131 | D        | Reached skill level 8 in Earth Magic
   131 | D        | Reached XP level 4. HP: 28/37 MP: 1/11
   139 | D        | HP: 1/37 [centaur (3)]
   140 | D        | Slain by a centaur

Vault maps used:
D:        linesprint

Action                   |  1- 3 |  4- 6 || total
-------------------------+-------+-------++-------
Melee: Club              |    11 |     4 ||    15
       Unarmed           |     1 |       ||     1
 Cast: Sandblast         |    11 |     2 ||    13
  Use: Potion            |     1 |     2 ||     3
 Stab: Sleeping          |     1 |       ||     1
  Eat: Bread ration      |     1 |       ||     1
